Unix NetHack Version 5.0.0-0 post-release - last build May  4 2026 22:22:43 (774f63e81ad911689b3a0859ea89b322d5daca8d,branch:main).

Game began 2026-05-09 05:35:52, ended 2026-05-10 02:19:34.

Brudee, neutral female human Tourist

                        ------------------------------
                        |..................[.........|
                        |...................*..*...|
                        |...G....G...G...G@h...G...|
                        |..........................|
                        ----------------------------

Brudee the Excursionist     St:25 Dx:14 Co:18 In:3 Wi:11 Ch:12  Neutral
Dlvl:12 $:44 HP:0(58) Pw:17(17) AC:9  Xp:7/1087 T:3322 

Latest messages:
 You can't go up here.
 The master mind flayer zaps a platinum wand!
 The sleep ray whizzes by you!
 What do you want to zap? [DELM or ?*] ?
 In what direction? l
 The wand hits the master mind flayer!
 The master mind flayer resists!
 The master mind flayer zaps a wand of sleep!
 The sleep ray hits you!
 The sleep ray hits the gnome.
 The master mind flayer hits!
 The master mind flayer's tentacles suck your brain!
 Your brain is eaten!
 You dream that you feel stupid!
 The master mind flayer's tentacles suck your brain again!
 Your brain is eaten!
 You dream that you feel stupid!
 The master mind flayer's tentacles suck your brain again!
 Your brain is eaten!
 You dream that you feel stupid!
 The master mind flayer's tentacles suck your brain again!
 Your brain is eaten!
 You dream that you feel very stupid!
 The master mind flayer's tentacles suck your brain again!
 Your brain is eaten!
 You dream that you feel stupid!
 The master mind flayer hits!
 The master mind flayer's tentacles suck your brain!
 Your brain is eaten!
 You dream that you feel very stupid!
 You forget your training in knife.
 You forget your training in saber.
 The master mind flayer hits!
 The master mind flayer's tentacles suck your brain!
 Your brain is eaten!
 You dream that you feel very stupid!
 The gnome lord hits!
 The master mind flayer hits!
 The master mind flayer's tentacles suck your brain!
 Your brain is eaten!
 You dream that you feel stupid!
 The gnome lord hits!
 The master mind flayer hits!
 The master mind flayer's tentacles suck your brain!
 Your brain is eaten!
 Your last thought fades away.
 Do you want your possessions identified? [ynq] (y) y
 Do you want to see your attributes? [ynq] (y) y
 Do you want an account of creatures vanquished? [ynaq] (y) y
 Do you want to see your conduct and achievements? [ynq] (y) q

Inventory:
 Coins    ('$')
  $ - 44 gold pieces
 Weapons  (')')
  a - 25 +2 darts
  n - a +0 knife
  Y - a +0 silver saber (weapon in right hand)
 Armor    ('[')
  x - an uncursed +0 pair of gauntlets of power (being worn)
  A - an uncursed +0 pair of kicking boots
  I - an uncursed +4 cloak of protection
  j - an uncursed +0 Hawaiian shirt with a water nymph motif (being worn)
 Comestibles  ('%')
  e - an uncursed slime mold
  b - an uncursed cream pie
  c - 3 uncursed food rations
  f - an uncursed fortune cookie
 Scrolls  ('?')
  R - an uncursed scroll of identify
  i - a blessed scroll of magic mapping
  h - an uncursed scroll of magic mapping
  H - an uncursed scroll of teleportation
 Potions  ('!')
  C - 2 potions of holy water
 Rings    ('=')
  z - an uncursed +2 ring of increase accuracy
  V - an uncursed ring of regeneration
 Wands    ('/')
  M - a wand of create monster (0:12)
  L - a wand of magic missile (0:2)
  E - a wand of speed monster (0:6)
  D - a wand of striking (0:6)
 Tools    ('(')
  l - an uncursed credit card
  S - a crystal ball (0:5)
  N - an uncursed leash
  W - a blessed oil lamp
  T - a +0 pick-axe
  m - an uncursed tin opener
  Q - an uncursed tin whistle
 Gems/Stones  ('*')
  K - 3 uncursed opals
  v - a cursed worthless piece of orange glass
  P - 2 uncursed worthless pieces of white glass

Brudee the Tourist's attributes:

Background:
 You were an Excursionist, a level 7 female human Tourist.
 You were neutral, on a mission for The Lady
 who was opposed by Blind Io (lawful) and Offler (chaotic).
 You were right-handed.
 You were in the Gnomish Mines, on level 12.
 You entered the dungeon 3322 turns ago.
 It was nighttime.
 You had 1087 experience points, 193 more were needed to attain level 8.

Basics:
 You had 0 out of 58 hit points.
 You had all 17 energy points (spell power).
 Your armor class was 9.
 Your wallet contained 44 zorkmids.
 Autopickup was on for '$"?+!=/' plus thrown.

Final Characteristics:
 Your strength was 25 (base:3, peak:7, innate limit:18/100).
 Your dexterity was 14 (limit:18).
 Your constitution was 18 (limit:18).
 Your intelligence was 3 (peak:14, limit:18).
 Your wisdom was 11 (limit:18).
 Your charisma was 12 (limit:18).

Final Status:
 You weren't hungry.
 You were unencumbered.
 You were wielding a saber.
 You were unskilled in saber.

Final Attributes:
 You were piously aligned.
 You were poison resistant.
 You are dead.

Miscellaneous:
 You didn't encounter any bones levels.
 Total elapsed playing time was 1 hour, 50 minutes and 59 seconds.

Major events:
 Turn
    1: Brudee the neutral female human Tourist entered the dungeon
  277: entered the Gnomish Mines
  633: attained the rank of Sightseer (level 3)
 1747: attained the rank of Excursionist (level 6)
 2471: reached Mine Town
 3322: killed by brainlessness, while sleeping

You didn't know any spells.

Skills:
 Fighting Skills
   bare handed combat [Unskilled]
   two weapon combat  [Unskilled]
   riding             [Unskilled]
 Weapon Skills
   dagger             [Unskilled]
   knife              [Unskilled]
   axe                [Unskilled]
   pick-axe           [Unskilled]
   short sword        [Unskilled]
   broadsword         [Unskilled]
   long sword         [Unskilled]
   two-handed sword   [Unskilled]
   saber              [Unskilled]
   mace               [Unskilled]
   morning star       [Unskilled]
   flail              [Unskilled]
   hammer             [Unskilled]
   quarterstaff       [Unskilled]
   polearms           [Unskilled]
   spear              [Unskilled]
   trident            [Unskilled]
   lance              [Unskilled]
   bow                [Unskilled]
   sling              [Unskilled]
   crossbow           [Unskilled]
   dart               [Basic]
   shuriken           [Unskilled]
   boomerang          [Unskilled]
   whip               [Unskilled]
   unicorn horn       [Unskilled]
 Spellcasting Skills
   divination spells  [Unskilled]
   enchantment spells [Unskilled]
   escape spells      [Unskilled]

Voluntary challenges:
 Character rerolling was not enabled.
 You never genocided any monsters.
 You never polymorphed an object.
 You never changed form.
 You used no wishes.
Achievements:
 You entered the Gnomish Mines.
 You entered a shop.
 You attained the rank of Sightseer.
 You attained the rank of Excursionist.
 You entered Minetown.
 You entered a temple.

 The Dungeons of Doom: levels 1 to 6
    Level 1:
    Level 2:
    Level 3:
       An armor shop, many fountains, a sink.
       Stairs down to The Gnomish Mines.
    Level 4:
       A fountain, a grave.
    Level 5:
       A general store, a fountain.
    Level 6:
 The Gnomish Mines: levels 4 to 12
    Level 4:
    Level 5:
    Level 6:
    Level 7:
       Many shops, a temple and an altar to The Lady, some fountains, some trees.
    Level 8:
    Level 9:
    Level 10:
    Level 12: <- You were here.
       Final resting place for
          you, killed by brainlessness, while sleeping.


Vanquished creatures:
  3 small mimics
 an ettin mummy
  a crocodile
  2 giant spiders
  a housecat
  2 ravens
  a snake
  a wood nymph
 an orc shaman
  a rock piercer
  a rock mole
  a shrieker
  a violet fungus
 10 gnome leaders
  4 gnomish wizards
  2 kobold mummies
  a floating eye
 12 dwarves
  a homunculus
  a kobold shaman
  9 hill orcs
  3 rabid rats
 an orc zombie
  3 hobbits
  2 hobgoblins
  6 giant rats
  a red mold
 54 gnomes
  4 geckos
  6 jackals
  2 goblins
  2 bats
  a kobold zombie
  2 newts
144 creatures vanquished.

No species were genocided or became extinct.

Game over:
                       ----------
                      /          \
                     /    REST    \
                    /      IN      \
                   /     PEACE      \
                  /                  \
                  |      Brudee      |
                  |      44 Au       |
                  |    killed by     |
                  |  brainlessness   |
                  |                  |
                  |                  |
                  |       2026       |
                 *|     *  *  *      | *
        _________)/\\_//(\/(/\)/\//\/|_)_______

Aloha Brudee the Tourist...

You died in The Gnomish Mines on dungeon level 12 with 4928 points,
and 44 pieces of gold, after 3322 moves.
You were level 7 with a maximum of 58 hit points when you died.

